 Dungeon Crawl Stone Soup version 0.14-a0-2644-gcc8e764 (webtiles) character file.

144 HollowCharge the Cutter (level 4, -1/33 HPs)
             Began as a Vampire Gladiator on Feb 16, 2014.
             Was an Initiate of Ashenzari.
             Slain by a worm (9 damage)
             ... on Level 2 of the Dungeon.
             The game lasted 00:14:01 (2103 turns).

HollowCharge the Cutter (Vampire Gladiator)         Turns: 2103, Time: 00:14:01

HP  -1/33        AC  4     Str 14      XL: 4   Next: 12%
MP   4/4         EV 13     Int 10      God: Ashenzari [......]
Gold 68          SH  0     Dex 15      Spells:  0 memorised,  3 levels left

rFire  . . .     SeeInvis +     s - +0,+1 dwarf dagger
rCold  . . .     Clarity  .     b - +0 leather armour
rNeg   + . .     Conserve .     (no shield)
rPois  .         rCorr    .     c - +0 helmet (curse)
rElec  .         rRot     .     (no cloak)
SustAb . .       Spirit   .     (no gloves)
rMut   .         Warding  .     (no boots)
Saprov . . .     Stasis   .     (no amulet)
MR     .....                    (no ring)
                                (no ring)

@: not resistant to hostile enchantments, fairly stealthy
A: fangs 3, see invisible, unbreathing
a: Bat Form, Renounce Religion


You were on level 2 of the Dungeon.
You worshipped Ashenzari.
Ashenzari was noncommittal.
You were not thirsty.

You visited 1 branch of the dungeon, and saw 2 of its levels.

You collected 68 gold pieces.

Inventory:

Hand weapons
 a - a +0,+0 short sword
 s - a +0,+1 dwarven dagger (weapon)
Missiles
 d - 3 throwing nets (quivered)
Armour
 b - a +0 leather armour (worn)
 c - a cursed +0 helmet (worn)
 m - a +1 dwarven shield
Scrolls
 g - a scroll of remove curse
 n - a scroll of teleportation {unknown}
 o - 2 scrolls of identify {unknown}
 q - a scroll of curse jewellery
 r - a scroll of immolation {unknown}
Potions
 e - a potion of coagulated blood
 f - a potion of paralysis {unknown}
 h - a potion of might {unknown}
 i - 2 potions of resistance {unknown}
 j - a potion of speed {unknown}
 k - a potion of heal wounds {unknown}
 l - a potion of flight {unknown}
Books
 p - a book of the Warp

   Spells                             Type                      Level
   Recall                             Summoning/Translocation      3
   Control Teleport                   Charms/Translocation         4
   Phase Shift                        Translocation                5
   Warp Weapon                        Charms/Translocation         5
   Dispersal                          Translocation                6
   Controlled Blink                   Translocation                7
   Disjunction                        Translocation                8


   Skills:
 + Level 2.2 Fighting
 * Level 4.3 Short Blades
 - Level 1.5 Throwing
 + Level 4.0 Dodging
 + Level 1.6 Stealth
 - Level 0.2 Unarmed Combat


You had 3 spell levels left.
You didn't know any spells.

Dungeon Overview and Level Annotations

Branches:
Dungeon (2/16)

Altars:
Ashenzari


Innate Abilities, Weirdness & Mutations

You have razor-sharp teeth.*
You have supernaturally acute eyesight.
You can survive without breathing.*


Message History

The worm bites you!
You hit the worm but do no damage.
The worm is lightly wounded.
You hit the worm but do no damage.
The worm is lightly wounded.
The worm bites you!
You hit the worm.
The worm is moderately wounded.
You hit the worm.
The worm is moderately wounded.
You completely miss the worm.
The worm is moderately wounded.
The worm bites you.
* * * LOW HITPOINT WARNING * * *
You hit the worm.
The worm is moderately wounded.
You hit the worm.
The worm is heavily wounded.
The worm bites you!
You die...

##...#.#
#..........#.#
##.#..>.#
#.##....####.#
#.......#
#.##....#_%..#
#.##.##.#
#.##....######
#.#####.# #.##.......
#### #.# #.#
#.##.#.....# ...# #.#
#.# #.## #.....# ##.#
#.# #.# #w# ###...#
#.# #.# #.###@##
##### #.# #.#
#.##...#.#
#.###.#####.#......#
##.................<#
#......#######......#
#.##.### ##...#.#
#.##.# #####.# .....#
.# #.####


You could see a worm.

Vanquished Creatures
  3 adders (D:2)
  A giant mite (D:1)
  A worm (D:2)
  A ball python (D:2)
  3 bats
  4 giant cockroaches (D:1)
  4 hobgoblins
  7 jackals (D:1)
  A quokka (D:2)
  3 giant newts
  A goblin (D:2)
  6 kobolds
  2 rats (D:1)
37 creatures vanquished.

Notes
Turn   | Place    | Note
--------------------------------------------------------------
     0 | D:1      | HollowCharge, the Vampire Gladiator, began the quest for the Orb.
     0 | D:1      | Reached XP level 1. HP: 16/16 MP: 1/1
    62 | D:1      | Reached XP level 2. HP: 13/22 MP: 2/2
   766 | D:1      | Reached skill level 1 in Stealth
   988 | D:1      | Reached skill level 4 in Short Blades
   989 | D:1      | Reached XP level 3. HP: 27/27 MP: 3/3
  1416 | D:2      | Found a shattered altar of Ashenzari.
  1442 | D:2      | Became a worshipper of Ashenzari the Shackled
  1868 | D:2      | Reached XP level 4. HP: 17/33 MP: 4/4
  2103 | D:2      | Slain by a worm

Action                   |  1- 3 |  4- 6 || total
-------------------------+-------+-------++-------
Melee: Short sword       |   152 |     1 ||   153
       Dagger            |       |    10 ||    10
  Use: Scroll            |     6 |       ||     6
 Stab: Sleeping          |     2 |     1 ||     3
